Map: Cyber Forest LE

Players

Bulbafet

  • Race: Zerg Zerg
  • League: Silver
  • Spawn Location: 11:00

AppleCruiser - Winner!

  • Race: Protoss Protoss
  • League: Silver
  • Spawn Location: 5:00

VOD

Have the link to the VOD?

Description

Time

  • Played on: March 8, 2019, 11:41 p.m.
  • Length: 16:03
Show
View Real Time Build Order
Export as new Build Order

Bulbafet Zerg 

Build Orders: Hatch First, Lurkers 

Get SALT Encoding   

  12  0:01  Drone  
  13  0:14  Overlord  
  13  0:20  Drone  
  14  0:33  Drone x2  
  16  0:37  Drone  
  17  0:55  Hatchery  
  16  1:00  Drone  
  16  1:02  Drone  
  18  1:16  Extractor  
  17  1:19  Spawning Pool  
  17  1:20  Drone  
  17  1:22  Drone  
  18  1:32  Drone  
  19  1:41  Overlord  
  19  1:53  Drone  
  20  2:08  Queen x2  
  22  2:10  Drone x2  
  26  2:26  Drone x2  
  26  2:27  Zergling x2  
  29  2:43  Drone x3  
  32  2:53  Queen x2  
  32  2:54  Overlord  
  36  3:13  Overlord  
  36  3:14  Overlord  
  36  3:15  Zergling x4  
  38  3:29  Metabolic Boost  
  38  3:58  Hatchery  
  37  4:10  Zergling x6  
  37  4:11  Zergling x2, Overlord x2  
  37  4:12  Drone x3  
  44  4:32  Evolution Chamber  
  44  4:35  Evolution Chamber  
  42  4:38  Roach Warren  
  42  4:42  Extractor  
  40  4:49  Drone x4  
  40  4:51  Zergling x4  
  46  5:14  Overlord  
  46  5:15  Drone  
  46  5:16  Drone x2  
  46  5:17  Zergling x6  
  46  5:21  Zerg Missile Weapons Level 1  
  52  5:22  Zerg Ground Armor Level 1  
  52  5:42  Roach x6  
  66  5:43  Roach x2, Overlord  
  66  5:44  Overlord  
  66  5:45  Drone  
  69  6:19  Extractor  
  69  6:20  Extractor, Roach x6  
  69  6:21  Roach x2  
  83  6:41  Extractor  
  83  6:42  Extractor  
  81  6:54  Drone  
  81  6:55  Drone x4  
  81  7:00  Roach x3  
  81  7:01  Roach x2  
  96  7:16  Ravager x2  
  98  7:22  Overlord  
  98  7:23  Overlord x2  
  98  7:27  Lair  
  98  7:38  Overlord x2  
  98  7:42  Ravager  
  98  7:43  Ravager  
  99  8:15  Roach x6  
  99  8:18  Ravager x3  
  99  8:19  Ravager  
  115  8:26  Hatchery  
  114  8:30  Zerg Missile Weapons Level 2  
  105  9:06  Hydralisk Den  
  104  9:13  Infestation Pit  
  104  9:16  Roach x4, Overlord x4  
  104  9:17  Overlord  
  111  9:27  Hatchery  
  110  9:43  Drone  
  111  9:45  Hydralisk  
  111  9:46  Hydralisk x5  
  111  9:47  Hydralisk x3  
  129  9:54  Zerg Ground Armor Level 2  
  129  10:08  Lurker Den  
  128  10:18  Ravager  
  129  10:50  Hydralisk x4  
  129  10:51  Hydralisk x4  
  89  11:47  Hydralisk  
  89  11:48  Hydralisk x4  
  89  11:49  Hydralisk  
  89  11:52  Lurker  
  89  11:53  Lurker x3  
  105  12:07  Drone x6  
  105  12:08  Overlord x2  
  111  12:10  Hydralisk  
  113  12:21  Extractor, Hydralisk  
  113  12:22  Hydralisk  
  116  12:24  Extractor  
  116  12:28  Lurker  
  116  12:29  Lurker  
  108  12:57  Hydralisk, Drone x4  
  108  12:58  Drone  
  115  13:10  Burrow  
  115  14:03  Hatchery  
  114  14:10  Hive  
  114  14:19  Hydralisk  
  114  14:20  Hydralisk x7  
  115  15:24  Infestor x2  
Show
View Real Time Build Order
Export as new Build Order

AppleCruiser Protoss - Winner!

Build Orders:  

Get SALT Encoding   

  12  0:01  Probe  
  13  0:13  Probe  
  14  0:26  Probe  
  14  0:27  Pylon  
  15  0:45  Probe  
  15  0:47  Gateway  
  16  1:03  Gateway  
  16  1:17  Pylon  
  16  1:21  Probe  
  17  1:33  Pylon  
  17  1:35  Assimilator  
  19  1:41  Assimilator  
  19  1:52  Cybernetics Core  
  17  2:09  Probe  
  18  2:18  Probe  
  18  2:21  Warp Gate  
  19  2:26  Probe  
  19  2:36  Probe, Adept  
  23  2:45  Stalker  
  23  2:47  Probe  
  26  2:52  Nexus  
  26  2:55  Probe  
  26  3:04  Probe  
  27  3:11  Forge  
  28  3:14  Probe  
  29  3:20  Stalker  
  29  3:23  Stalker  
  33  3:36  Twilight Council  
  33  3:44  Probe  
  34  3:57  Probe  
  33  4:18  Stalker  
  33  4:19  Stalker  
  33  4:20  Probe  
  33  4:21  Probe  
  39  4:33  Probe x2  
  41  4:41  Assimilator  
  41  4:43  Assimilator  
  41  4:46  Pylon  
  41  4:48  Probe x2  
  41  4:52  Pylon  
  43  4:53  Charge  
  43  4:55  Pylon  
  43  5:04  Pylon  
  43  5:05  Adept x2  
  47  5:09  Pylon  
  47  5:18  Protoss Ground Weapons Level 1  
  47  5:31  Probe x2  
  47  5:43  Probe  
  47  5:44  Probe  
  49  6:11  Stalker  
  49  6:12  Stalker  
  53  6:19  Probe  
  53  6:20  Probe  
  55  6:27  Probe  
  55  6:28  Probe  
  55  6:31  Protoss Air Weapons Level 1  
  57  6:36  Probe x2, Photon Cannon  
  58  6:46  Photon Cannon  
  59  6:48  Probe  
  59  6:49  Probe  
  59  6:50  Shield Battery  
  59  6:54  Robotics Facility  
  61  6:55  Shield Battery, Robotics Facility  
  61  7:03  Pylon  
  61  7:06  Pylon  
  61  7:09  Pylon  
  61  7:11  Pylon  
  61  7:14  Pylon  
  61  7:15  Blink  
  61  7:16  Protoss Ground Weapons Level 2  
  61  7:20  Zealot x2  
  59  8:01  Immortal x2  
  59  8:04  Sentry x2  
  71  8:17  Stargate  
  71  8:18  Stargate  
  71  8:20  Stargate  
  71  8:22  Stargate  
  71  8:27  Templar Archives  
  71  8:34  Dark Shrine  
  69  9:01  Stalker  
  71  9:12  Stalker  
  71  9:15  Immortal x2  
  81  9:18  Void Ray  
  81  9:19  Void Ray x2  
  93  9:28  Void Ray  
  97  9:40  Protoss Ground Armor Level 1  
  97  10:11  Nexus  
  97  10:36  Pylon  
  97  10:39  Pylon  
  97  10:42  Assimilator  
  97  10:44  Immortal x2  
  97  10:45  Assimilator  
  97  10:48  Stalker x2  
  97  10:49  Pylon  
  109  10:56  Oracle x2  
  115  10:57  Void Ray  
  115  11:00  Void Ray  
  103  11:34  Immortal x2  
  111  11:45  Sentry x2  
  115  11:51  Probe x2  
  115  11:52  Probe  
  118  11:59  Probe x2  
  118  12:00  Probe  
  118  12:04  Void Ray x2  
  118  12:07  Probe x2  
  118  12:08  Probe  
  132  12:19  Probe  
  133  13:02  Immortal x2  
  133  13:04  Void Ray x3  
  153  13:12  Zealot x2  
  157  13:41  Nexus  
  157  13:43  Assimilator  
  157  13:44  Assimilator  
  157  13:45  Zealot  
  157  13:46  Zealot  
  161  13:49  Pylon  
  161  13:52  Pylon  
  161  13:55  Pylon  
  161  14:00  Immortal x2  
  161  14:02  Void Ray  
  173  14:06  Void Ray x2  
  181  14:10  Void Ray  
  185  14:19  Pylon  
  185  14:21  Pylon  
  185  14:24  Zealot  
  185  14:25  Zealot  
  185  14:29  Pylon  
  189  14:33  Pylon  
  189  14:35  Pylon  
  189  14:39  Pylon  
  187  14:47  Observer  
Tags
 
Composition
Lurkers
Matchup
PvZ
Spawn Locations
Cross Positions
Add a new tag
Caveats
  • Supply blocks, unpowered buildings, or Contaminate may cause inaccurate times.
  • Supply counts are checked every 10 seconds.